 Dungeon Crawl Stone Soup version 0.29.1-15-g9cfb28693d (webtiles) character file.

Game seed: 8208750405160441747

534 croobank the Covert (level 7, 0/49 HPs)
             Began as an Octopode Delver on Feb 23, 2023.
             Slain by a troll (6 damage)
             ... on level 5 of the Dungeon.
             The game lasted 00:11:52 (4713 turns).

croobank the Covert (Octopode Delver)               Turns: 4713, Time: 00:11:52

Health: 0/49       AC:  1    Str: 17    XL:     7   Next: 25%
Magic:  9/9        EV: 15    Int: 17    God:
Gold:   187        SH:  0    Dex: 20    Spells: 7/9 levels left

rFire   + . .      SeeInvis +   v - +2 flail "Bexkyuk" {speed, rC+ Will+ rCorr Str+6}
rCold   + + .      Faith    .   (no shield)
rNeg    . . .      Spirit   .   (helmet restricted)
rPois   +          Reflect  .   s - amulet of magic regeneration
rElec   +          Harm     .   j - ring "Xivyffu" {Fly Int+3 Dex+6 SInv}
rCorr   +          Rampage  .   (no ring)
Will    +....                   (no ring)
Stlth   +++++.....              (no ring)
HPRegen 0.16/turn               (no ring)
MPRegen 0.51/turn               (no ring)
                                (no ring)
                                (no ring)

@: resistant, flying
A: almost no armour, amphibious, 8 rings, camouflage 1, gelatinous body 1,
(nimble swimmer 1), tentacles
a: no special abilities


You were on level 5 of the Dungeon.
You visited 2 branches of the dungeon, and saw 7 of its levels.
You also visited: Ossuary.

You collected 187 gold pieces.

Inventory:

Hand Weapons
 a - a +0 hand axe
 k - a +0 trident
 n - a +1 short sword of venom
 p - a +1 dagger of venom
 u - a +0 war axe
 v - the +2 flail "Bexkyuk" (weapon) {speed, rC+ Will+ rCorr Str+6}
   (You found it on level 2 of the Dungeon)

   Attacks with this weapon are significantly faster.
   Str:       It affects your strength (+6).
   rC:        It protects you from cold.
   rCorr:     It protects you from acid and corrosion.
   Will:      It increases your willpower.
Magical Staves
 q - a staff of air
Jewellery
 g - an amulet of the acrobat
 j - the ring "Xivyffu" (left tentacle) {Fly Int+3 Dex+6 SInv}
   (You found it on level 3 of the Dungeon)

   [ring of dexterity]

   Int:       It affects your intelligence (+3).
   Dex:       It affects your dexterity (+6).
   SInv:      It lets you see invisible.
   Fly:       It grants you flight.
 s - an amulet of magic regeneration (around mantle)
Wands
 f - a wand of digging (3)
 x - a wand of mindburst (10)
Scrolls
 b - a scroll of fog
 c - 3 scrolls of magic mapping
 d - a scroll of fear
 m - 2 scrolls of blinking
Potions
 e - a potion of invisibility
 h - a potion of attraction
 i - 3 potions of lignification
 l - 5 potions of brilliance
 o - a potion of curing
 r - a potion of resistance
 t - 4 potions of haste
 w - a potion of might {unknown}


   Skills:
 + Level 4.3 Fighting
 - Level 2.7(3.3) Axes
 * Level 2.8(3.4) Maces & Flails
 + Level 3.5 Dodging
 + Level 8.1 Stealth
 + Level 1.7 Spellcasting
 + Level 2.6 Poison Magic


You had 7 spell levels left.
You knew the following spells:

 Your Spells              Type           Power      Damage    Failure   Level
a - Poisonous Vapours     Pois/Air       10%        N/A       19%         2

Your spell library contained the following spells:

 Spells                   Type           Power      Damage    Failure   Level
 Sting                    Tmut/Pois      20%        1d4       12%         1
 Ozocubu's Armour         Ice            1%         N/A       52%         3
 Olgreb's Toxic Radiance  Pois           10%        N/A       56%         4
 Animate Dead             Necr           1%         N/A       89%         4
 Petrify                  Tmut/Erth      1%         N/A       89%         4
 Metabolic Englaciation   Hex/Ice        0%         N/A       99%         5
 Statue Form              Tmut/Erth      0%         N/A       100%        6
 Haunt                    Necr/Summ      0%         N/A       100%        7
 Ozocubu's Refrigeration  Ice            0%         4d7       100%        7
 Infestation              Necr           0%         N/A       100%        8


Dungeon Overview and Level Annotations

Branches:
Dungeon (6/15)             Temple (1/1) D:4         Ossuary (visited)

Altars:
Ashenzari
Cheibriados
Dithmenos
Fedhas
Hepliaklqana
Makhleb
Nemelex Xobeh
Okawaru
Qazlal
Sif Muna
Wu Jian
Zin

Shops:
D:3 :

Annotations:
D:3 1 runed translucent door, Crazy Yiuf


Innate Abilities, Weirdness & Mutations

You cannot wear most types of armour.
You are amphibious.
You can wear up to eight rings at the same time.
Your skin changes colour to match your surroundings (Stealth+).
Your rubbery body absorbs attacks. (AC +1, EV +1)
((You are camouflaged when in or above water. (Stealth+)))
You have tentacles for arms and can constrict up to eight enemies at once.


Message History

You don't know that spell.
Casting: Poisonous Vapours (safe; 19% risk of failure)
Confirm with . or Enter, or press ? or * to list all spells.
Aiming: Poisonous Vapours (safe; 19% risk of failure)
Press: ? - help, Dir - move target, f/p - troll
Aim: a troll Poisonous vapours surround the troll!
The troll is poisoned.
Aiming: Mindburst
Press: ? - help, Shift-Dir - straight line, f/p - troll
Aim: a troll (poisoned, chance to affect: 64%)
Okay, then.
What are your orders? t - Shout!
Orders for allies: a - Attack new target. p - Attack previous target. r - Retreat! s - Stop attacking. g - Guard the area. f - Follow me.
Anything else - Cancel.
Gang up on whom?
Press: ? - help, Dir - move target, f/p - troll
Aim: a troll (poisoned)
Okay, then.
Found a jewelled gold wand.
The troll looks more healthy.
A hound comes into view.
The hound moves out of view.
You see here a wand of polymorph (7).
Aiming: Mindburst
Press: ? - help, Shift-Dir - straight line, f/p - troll
Aim: a troll (chance to affect: 64%)
The troll struggles to resist.
It was a potion of resistance.
You feel protected.
The troll closely misses you. x2; The troll claws you.
You barely miss the troll. The troll closely misses you.
The troll claws you! x2
You closely miss the troll. The troll bites you!
* * * LOW HITPOINT WARNING * * *
The troll claws you.
* * * LOW HITPOINT WARNING * * *
The troll claws you.
You die...

.## ..... )..
...##.... ..#
........##..# #.
#....?.....##..
#.............
###.............
###...#...........
#@T..####...>.....
#....#..#T........
##.......#.........
#..#####...#.......
.##..## ###.###.....
.......####...# .....
.......#.#...#...##..
..........######## .
........###


You could see a troll.

Vanquished Creatures
  Prince Ribbit (D:5)
  A phantom (D:4)
  A hound (D:5)
  2 iguanas
  Terence (D:2)
  2 orc wizards (D:4)
  3 adders
  An adder zombie (Ossuary)
  2 worms (D:4)
  2 dart slugs (D:3)
  13 orcs
  5 endoplasms
  3 giant cockroaches
  7 goblins
  6 hobgoblins
  2 quokkas
  5 ball pythons
  A ball python skeleton (Ossuary)
  A bat (D:1)
  4 frilled lizards
  A hobgoblin skeleton (Ossuary)
  A hobgoblin zombie (Ossuary)
  12 kobolds
  An orc skeleton (Ossuary)
  An orc zombie (Ossuary)
  2 rats (D:3)
81 creatures vanquished.

Vanquished Creatures (others)
  2 fungi (D:3)
2 creatures vanquished.

Grand Total: 83 creatures vanquished

Notes
Turn   | Place    | Note
-------+----------+-------------------------------------------
     0 | D:5      | croobank the Octopode Delver began the quest for the Orb.
     0 | D:5      | Reached XP level 1. HP: 16/16 MP: 1/1
    54 | D:6      | Found a sand-covered staircase.
    63 | Ossuary  | Entered an ossuary
   160 | Ossuary  | Reached XP level 2. HP: 19/21 MP: 2/2
   193 | Ossuary  | Noticed a wight
   458 | D:5      | Noticed Prince Ribbit
   475 | D:4      | Reached XP level 3. HP: 24/26 MP: 3/3
   522 | D:4      | Reached skill level 7 in Stealth
   759 | D:3      | Reached XP level 4. HP: 31/31 MP: 4/4
   795 | D:3      | Found a shadowy altar of Dithmenos.
  1492 | D:1      | Learned a level 2 spell: Poisonous Vapours
  2149 | D:2      | Identified the +2 flail "Bexkyuk" {speed, rC+ Will+ rCorr
                  | Str+6}
  2363 | D:2      | Found a faded altar of an unknown god.
  2371 | D:2      | Noticed Terence
  2388 | D:2      | Killed Terence
  2972 | D:3      | Reached XP level 5. HP: 37/37 MP: 5/5
  2997 | D:3      | Found a stormy altar of Qazlal.
  3199 | D:3      | Reached skill level 1 in Poison Magic
  3325 | D:3      | Identified the ring "Xivyffu" {Fly Int+3 Dex+6 SInv}
  3360 | D:3      | Found Yghar's Book Shoppe.
  3539 | D:3      | Found a runed translucent door.
  3540 | D:3      | Noticed Crazy Yiuf
  3623 | D:4      | Found a staircase to the Ecumenical Temple.
  3642 | Temple   | Entered the Ecumenical Temple
  3906 | D:4      | Reached skill level 1 in Maces & Flails
  3964 | D:4      | Found a snail-covered altar of Cheibriados.
  4037 | D:4      | Found a burning altar of Makhleb.
  4100 | D:4      | Noticed a phantom
  4107 | D:4      | Killed a phantom
  4108 | D:4      | Reached XP level 6. HP: 38/43 MP: 5/7
  4160 | D:4      | Reached skill level 1 in Spellcasting
  4174 | D:4      | Found a hazy altar of Hepliaklqana.
  4259 | D:4      | Found a glowing silver altar of Zin.
  4534 | D:5      | Killed Prince Ribbit
  4535 | D:5      | Reached skill level 8 in Stealth
  4535 | D:5      | Reached XP level 7. HP: 48/48 MP: 7/9
  4695 | D:5      | Noticed a troll
  4713 | D:5      | Slain by a troll

Illustrated notes

Levels and vault maps discovered:
D:1:      scummos_arrival_checkerplants, layout_basic,
          dreamdust_princess_corridor
D:2:      layout_loops_cross, ebering_ecumenical_altar_petrified,
          nicolae_elevator_lobby_asterisk, uniq_terence
D:3:      layout_rooms, nicolae_dithmenos_shadow_blocks,
          nicolae_qazlal_general_emergency, serial_shops, shop,
          kennysheep_generic_room_11, uniq_crazy_yiuf_cottage
D:4:      layout_gridville, mainiacjoe_overflow_cross_hatched,
          general_overflow_altar, cheibrodos_worm_habitat,
          mainiacjoe_overflow_surrounded_room, minmay_temple_entry_glassed_door
D:5:      layout_cave_pools, kennysheep_little_box, amcnicky_mini_pool_small,
          minmay_misc_feat_five, nicolae_elevator_lobby_plus,
          uniq_prince_ribbit1, uniq_menkaure, uniq_sigmund
D:6:      layout_gridville, mainiacjoe_overflow_24_doors,
          lightli_ossuary_entry_decrepit_ruins
Temple:   hellmonk_temple_beads

Skill      XL: |  1  2  3  4  5  6 |
---------------+-------------------+-----
Stealth        | 7 8 |  8.1
Poison Magic   | 1 2 |  2.6
Maces & Flails | 1 2 |  2.8
Fighting       | 4 |  4.3
Dodging        | 3 |  3.5
Spellcasting   | 1 |  1.7
Axes           | |  2.7

Action                   |  1- 3 |  4- 6 |  7- 9 || total
-------------------------+-------+-------+-------++-------
Melee: Hand axe          |    28 |    41 |       ||    69
       Constrict         |    11 |    30 |     2 ||    43
       Tentacles         |    11 |    29 |     2 ||    42
       Punch             |     1 |     1 |       ||     2
       Flail             |       |    76 |    12 ||    88
 Cast: Poisonous Vapours |       |     1 |     1 ||     2
Evoke: Wand              |       |       |     4 ||     4
  Use: Potion            |     1 |       |     1 ||     2
       Scroll            |       |     9 |       ||     9
 Stab: Sleeping          |     4 |    20 |     1 ||    25
       Distracted        |     2 |     1 |       ||     3
Armor: Skin              |     1 |     4 |       ||     5
Dodge: Dodged            |     9 |    55 |    10 ||    74
